 Dungeon Crawl Stone Soup version 0.23.1-37-gaa34b87 (webtiles) character file.

Game seed: 11713212154227523502

3397 Fang the Fighter (level 10, -1/96 HPs)
             Began as a Gargoyle Berserker on Mar 27, 2019.
             Was an Elder of Trog.
             Slain by a yak (5 damage)
             ... on level 7 of the Dungeon.
             The game lasted 00:12:53 (7672 turns).

Fang the Fighter (Gargoyle Berserker)               Turns: 7672, Time: 00:12:53

Health: -1/96      AC: 16    Str: 29    XL:     10   Next: 4%
Magic:  19/19      EV: 12    Int: 13    God:    Trog [****..]
Gold:   368        SH:  0    Dex:  5    Spells: 9/9 levels left

rFire    . . .     SeeInvis .   r - +0 war axe
rCold    . . .     Gourm    .   (no shield)
rNeg     + . .     Faith    .   y - +0 ring mail of Fortification {+Blink Int+5 Dex-4 Slay+2} (curse)
rPois    ∞         Spirit   .   (no helmet)
rElec    +         Reflect  .   (no cloak)
rCorr    .         Harm     .   i - +1 pair of gloves
MR       .....                  (no boots)
Stlth    ..........             (no amulet)
HPRegen  0.26/turn              x - ring of magical power
MPRegen  0.16/turn              (no ring)

@: berserking, very quick
A: negative energy resistance 1, electricity resistance, unbreathing,
petrification resistance, rot immunity, AC +7
a: Berserk, Trog's Hand, Brothers in Arms, Renounce Religion, Evoke Blink


You were on level 7 of the Dungeon.
You worshipped Trog.
Trog was greatly pleased with you.
You were hungry.

You visited 2 branches of the dungeon, and saw 8 of its levels.

You collected 368 gold pieces.

Inventory:

Hand Weapons
 r - a +0 war axe (weapon)
Armour
 i - a +1 pair of gloves (worn)
 l - a +0 plate armour
 y - the cursed +0 ring mail of Fortification (worn) {+Blink Int+5 Dex-4 Slay+2}
   (You found it on level 5 of the Dungeon)

   It affects your intelligence (+5).
   It affects your dexterity (-4).
   It affects your accuracy and damage with ranged weapons and melee attacks
   (+2).
   It lets you blink.
   It has a curse placed upon it.
Jewellery
 x - a ring of magical power (left hand)
Wands
 t - a wand of enslavement (9)
 v - a wand of acid (5)
Scrolls
 a - a scroll of random uselessness {unknown}
 e - 3 scrolls of enchant armour {unknown}
 f - 2 scrolls of enchant weapon {unknown}
 g - 6 scrolls of identify {unknown}
 j - 3 scrolls of immolation {unknown}
 n - 2 scrolls of amnesia {unknown}
 p - a scroll of noise {unknown}
 q - a scroll of fog {unknown}
 u - a scroll of remove curse {unknown}
 w - a scroll of blinking {unknown}
 A - a scroll of teleportation {unknown}
Potions
 b - a potion of magic {unknown}
 d - a potion of berserk rage {unknown}
 h - a potion of agility {unknown}
 k - 2 potions of lignification {unknown}
 m - 2 potions of haste {unknown}
 o - 3 potions of brilliance {unknown}
 s - a potion of resistance {unknown}
Comestibles
 c - 10 rations
 z - 6 chunks of flesh


   Skills:
 + Level 8.3 Fighting
 + Level 6.9 Axes
 + Level 8.0 Armour
 + Level 6.0 Dodging


You had 9 spell levels left.
You didn't know any spells.
Your spell library was empty.

Dungeon Overview and Level Annotations

Branches:
Dungeon (7/15)             Temple (1/1) D:5

Altars:
Ashenzari
Fedhas
Hepliaklqana
Kikubaaqudgha
Uskayaw
Xom
The Shining One
Beogh

Shops:
D:6 }


Innate Abilities, Weirdness & Mutations

You are resistant to torment.
Your stone body is resilient. (AC +7)
You are immune to poison.
You resist negative energy. (rN+)
You are resistant to electric shocks. (rElec)
You can survive without breathing.
You are immune to petrification.
You are immune to rotting.


Message History

The hound is heavily wounded.
You slice the yak!! You hit the yak. The hound closely misses you.
The yak gores you!
* * * LOW HITPOINT WARNING * * *
You slice the hound!!
You kill the hound!
Trog accepts your kill.
Your Armour skill increases to level 8!
You slash the yak! You hit the yak. You slash the yak!
The yak is moderately wounded.
You slash the yak! x2; The yak barely misses you.
The yak gores you.
* * * LOW HITPOINT WARNING * * *
You slash the yak!
The yak is severely wounded.
You closely miss the yak. You hit the yak.
The yak gores you but does no damage. The yak gores you.
* * * LOW HITPOINT WARNING * * *
The yak misses you. The yak gores you.
You die...

#.. ...(. .. #.# ..#.# #
#.# #.#.# # #.# #.#.# #
# #.# #.#.# # ... #.#
#.#.#### ....########.#
#.......
......YYY....####..#####
......Y@................
.....###Y.#######.######
... #..# #.# . #..# #.#
...# #.# ##.## #.# ...
#.# #.# #.# #.#


You could see 5 yaks.

Vanquished Creatures
  Pikel (D:5)
  The ghost of Fang the Skirmisher, an amateur GrBe of Trog (D:5)
  The ghost of Fang the Skirmisher, an amateur GrBe of Trog (D:3)
  A hippogriff (D:7)
  Eustachio (D:5)
  A yak (D:7)
  Menkaure (D:5)
  Duvessa (D:6)
  An orc warrior (D:6)
  A slave (D:5)
  3 ice beasts (D:6)
  An ogre (D:5)
  5 bullfrogs
  A scorpion (D:4)
  Dowan (D:6)
  A howler monkey (D:5)
  3 crimson imps (D:5)
  3 hounds
  A bullfrog skeleton (D:4)
  2 orc priests (D:5)
  2 iguanas (D:7)
  Jessica (D:3)
  Ijyb (D:5)
  Terence (D:3)
  4 orc wizards
  8 worker ants
  3 gnolls (D:5)
  9 adders
  A howler monkey skeleton (D:6)
  An ooze (D:1)
  4 worms
  7 leopard geckos
  28 orcs
  A ball python (D:2)
  6 giant cockroaches
  11 goblins
  12 hobgoblins
  6 jackals (D:6)
  5 quokkas
  11 bats
  4 frilled lizards
  13 kobolds
  A quokka zombie (D:6)
  9 rats
180 creatures vanquished.

Vanquished Creatures (collateral kills)
  A phantom (D:6)
  A crimson imp (D:6)
  An orc priest (D:6)
  A jackal zombie (D:6)
4 creatures vanquished.

Vanquished Creatures (others)
  A slave (D:5)
1 creature vanquished.

Grand Total: 185 creatures vanquished

Notes
Turn   | Place    | Note
-------+----------+-------------------------------------------
     0 | D:1      | Fang the Gargoyle Berserker began the quest for the Orb.
     0 | D:1      | Reached XP level 1. HP: 14/14 MP: 1/1
    89 | D:1      | Reached XP level 2. HP: 18/19 MP: 2/2
   637 | D:1      | Reached XP level 3. HP: 18/23 MP: 3/3
  1001 | D:2      | Found a shattered altar of Ashenzari.
  1003 | D:2      | Reached ** piety under Trog
  1377 | D:2      | Reached XP level 4. HP: 22/29 MP: 4/4
  1418 | D:2      | Found a shimmering altar of Xom.
  1419 | D:2      | Found a hazy altar of Hepliaklqana.
  1419 | D:2      | Noticed an earth elemental
  1420 | D:2      | Noticed an earth elemental
  1420 | D:2      | Noticed a spectral ugly thing
  2359 | D:3      | Found a transporter.
  2359 | D:3      | Noticed Fang's ghost (amateur GrBe)
  2371 | D:3      | Reached XP level 5. HP: 33/33 MP: 5/5
  2426 | D:3      | Noticed Terence
  2442 | D:3      | Killed Terence
  2475 | D:3      | Noticed Jessica
  2482 | D:3      | Killed Jessica
  2991 | D:3      | Reached XP level 6. HP: 38/39 MP: 6/6
  3018 | D:3      | Found a transporter.
  3121 | D:3      | Reached *** piety under Trog
  3323 | D:3      | Killed Fang's ghost
  3323 | D:3      | Reached skill level 5 in Fighting
  3323 | D:3      | Reached XP level 7. HP: 38/44 MP: 7/7
  3665 | D:4      | Found a blossoming altar of Fedhas.
  4245 | D:5      | Entered Level 5 of the Dungeon
  4335 | D:5      | Reached skill level 5 in Armour
  4597 | D:5      | Found a runed translucent gate.
  4598 | D:5      | Found a runed translucent gate.
  4599 | D:5      | Found a runed translucent gate.
  4600 | D:5      | Noticed Fang's ghost (amateur GrBe)
  4602 | D:5      | Noticed Eustachio
  4606 | D:5      | Found a roughly hewn altar of Beogh.
  4607 | D:5      | Noticed Pikel
  4622 | D:5      | Killed Pikel
  4622 | D:5      | Reached skill level 5 in Axes
  4622 | D:5      | Reached XP level 8. HP: 31/51 MP: 8/8
  4875 | D:5      | Killed Eustachio
  4922 | D:5      | Found a staircase to the Ecumenical Temple.
  4936 | Temple   | Entered the Ecumenical Temple
  4980 | D:5      | Noticed Ijyb
  4990 | D:5      | Killed Ijyb
  5249 | D:5      | Noticed Menkaure
  5257 | D:5      | Killed Menkaure
  5448 | D:5      | Reached XP level 9. HP: 54/56 MP: 9/9
  5457 | D:5      | Reached **** piety under Trog
  5664 | D:5      | Got an obsidian-encrusted ring mail
  5675 | D:5      | Identified the cursed +0 ring mail of Fortification {+Blink
                  | Int+5 Dex-4 Slay+2} (You found it on level 5 of the
                  | Dungeon)
  5783 | D:5      | Found an ancient bone altar of Kikubaaqudgha.
  5892 | D:5      | HP: 2/57 [orc/+5 glaive (1)]
  5904 | D:5      | HP: 1/57 [orc/+5 glaive (4)]
  5925 | D:5      | Reached skill level 5 in Dodging
  5936 | D:5      | Killed Fang's ghost
  6407 | D:6      | Found a shattered altar of Ashenzari.
  6478 | D:6      | Found Viurr's Gadget Boutique.
  6509 | D:6      | Noticed Dowan
  6509 | D:6      | Noticed Duvessa
  6522 | D:6      | Killed Dowan
  6536 | D:6      | Killed Duvessa
  7250 | D:6      | Found a hide-covered altar of Uskayaw.
  7250 | D:6      | Found a glowing golden altar of the Shining One.
  7666 | D:7      | Reached XP level 10. HP: 35/64 MP: 10/10
  7671 | D:7      | HP: 4/96 [yak (5)]
  7672 | D:7      | Slain by a yak

Skill      XL: |  1  2  3  4  5  6  7  8  9 10 |
---------------+-------------------------------+-----
Axes           | 3 4 5 6 |  6.9
Dodging        | 2 3 4 6 |  6.0
Armour         | 3 4 5 6 7 8 |  8.0
Fighting       | 4 5 6 8 |  8.3

Action                   |  1- 3 |  4- 6 |  7- 9 | 10-12 || total
-------------------------+-------+-------+-------+-------++-------
Melee: Hand axe          |   132 |   190 |       |       ||   322
       War axe           |       |    47 |   353 |     4 ||   404
Invok: Berserk           |       |     2 |    10 |     1 ||    13
       Trog's Hand       |       |       |     4 |       ||     4
       Brothers in Arms  |       |       |     1 |       ||     1
  Use: Potion            |       |       |     4 |       ||     4
 Stab: Sleeping          |       |     1 |       |       ||     1
  Eat: Chunk             |     1 |     8 |    20 |       ||    29
       Ration            |       |       |     2 |       ||     2
Armor: Animal skin       |    62 |    94 |   105 |       ||   261
       Ring mail         |       |       |   131 |     1 ||   132
Dodge: Dodged            |   126 |   176 |   353 |     5 ||   660
